 Dungeon Sprint DCSS version 0.23.1 (webtiles) character file.

Game seed: 4756562620225921356

253 nuthulu the Covert (level 5, 20/24 HPs)
             Began as a Spriggan Enchanter on Mar 7, 2019.
             Got out of the dungeon alive.
             The game lasted 00:01:49 (294 turns).

nuthulu the Covert (Spriggan Enchanter)              Turns: 294, Time: 00:01:50

Health: 20/24      AC:  2    Str:  4    XL:     5   Next: 90%
Magic:  0/14       EV: 23    Int: 16    God:
Gold:   243        SH:  0    Dex: 18    Spells: 7/16 levels left

rFire    . . .     SeeInvis +   a - +1 dagger
rCold    . . .     Gourm    .   (shield restricted)
rNeg     . . .     Faith    .   b - +0 robe
rPois    .         Spirit   .   (helmet restricted)
rElec    .         Reflect  .   (no cloak)
rCorr    .         Harm     .   (gloves unavailable)
MR       .....     NoTele   +   (boots unavailable)
Stlth    +++++.....             (no amulet)
HPRegen  0.08/turn              (no ring)
MPRegen  0.14/turn              (no ring)

@: very quick
A: very small, unfitting armour, see invisible, herbivore, speed 3, slow
metabolism 2
a: no special abilities


You escaped.
You were not hungry.

You visited 1 branch You collected 243 gold pieces.

Inventory:

Hand Weapons
 a - a +1 dagger (weapon)
Armour
 b - a +0 robe (worn)
Scrolls
 j - a scroll of blinking
Potions
 e - a potion of curing
 f - a potion of heal wounds
 g - a potion of haste
 h - 2 potions of magic
 i - a potion of berserk rage
Comestibles
 d - a ration


   Skills:
 + Level 5.5 Short Blades
 + Level 7.6 Dodging
 * Level 11.7 Stealth
 + Level 6.4 Spellcasting
 + Level 6.9 Hexes


You had 7 spell levels left.
You knew the following spells:

 Your Spells              Type           Power        Failure   Level  Hunger
a - Corona                Hex            ####...      1%          1    None
b - Ensorcelled Hibernat  Hex/Ice        ###...       4%          2    None
c - Confuse               Hex            ####....     2%          3    ##.....
d - Dazzling Spray        Conj/Hex       ###...       10%         3    ##.....

Your spell library contained the following spells:

 Spells                   Type           Power        Failure   Level  Hunger
 Tukima's Dance           Hex            ####....     2%          3    ##.....


Dungeon Overview and Level Annotations

Branches:
Dungeon (1/1)

Altars:

Shops:
D %:(=[?!(:([}!=!!

Annotations:
D exclusion: oklob plant


Innate Abilities, Weirdness & Mutations

You are very small and have problems with some larger weapons.
You are too small for most types of armour.
You have supernaturally acute eyesight. (SInv)
You are a herbivore.
You cover ground extremely quickly.
You need to consume almost no food.


Message History

Press: ? - help, Shift-Dir - straight line, f/p - necrophage
Aim: a necrophage (lightly damaged, chance to defeat MR: 38%)
The necrophage resists with some effort.
The necrophage hits the necrophage.
The necrophage hits you.
Casting: Confuse (safe; 2% risk of failure)
Confirm with . or Enter, or press ? or * to list all spells.
You don't have enough magic to cast that spell.
Unknown command.
Casting: Confuse (safe; 2% risk of failure)
Confirm with . or Enter, or press ? or * to list all spells.
Okay, then.
The necrophage hits the necrophage.
There is a staircase leading out of the dungeon here.
Are you sure you want to leave the Dungeon?
This will make you lose the game!
Alright, then stay!
There are monsters nearby!
Unknown command.
Are you sure you want to leave the Dungeon?
This will make you lose the game!
The necrophage closely misses the necrophage.
You have escaped!

##########≈≈#++
#########≈≈≈...
.∩.∩....#≈≈≈≈.#
..∩.∩...#≈≈≈≈#
...∩.∩..#≈≈≈≈#
....∩.⌠.#≈≈###
...∩.∩..#≈##.###+#
..∩.∩...#≈#n.n##.##
.∩.∩....+≈'$##nn@.+
∩.∩.....#≈#...##.##
▓▓▓▓▓▓###≈##.###'##
!aa######≈≈####.#.##


$Za#H ##≈≈≈#..#..# ∩PZ+H. #+#≈###.### ≈ $.?#H## #≈≈##'##≈≈≈≈ ($.###z≈
##≈≈≈≈≈≈≈≈≈≈§ #+++#+++#≈≈§ You could see 4 necrophages.

Vanquished Creatures
  2 crocodiles (D)
  4 worker ants (D)
6 creatures vanquished.

Vanquished Creatures (others)
  Menkaure (D)
1 creature vanquished.

Grand Total: 7 creatures vanquished

Notes
Turn   | Place    | Note
-------+----------+-------------------------------------------
     0 | D        | nuthulu the Spriggan Enchanter began the quest for the Orb.
     0 | D        | Reached XP level 1. HP: 9/9 MP: 5/5
     1 | D        | Noticed a worker ant
     1 | D        | Noticed a worker ant
     1 | D        | Noticed a worker ant
     1 | D        | Noticed a worker ant
     4 | D        | Killed a worker ant
     4 | D        | Reached skill level 6 in Stealth
     4 | D        | Reached XP level 2. HP: 13/13 MP: 5/7
     5 | D        | Reached skill level 7 in Stealth
     5 | D        | Reached XP level 3. HP: 16/16 MP: 5/9
    10 | D        | Learned a level 2 spell: Ensorcelled Hibernation
    14 | D        | Learned a level 3 spell: Confuse
    18 | D        | Learned a level 3 spell: Dazzling Spray
    19 | D        | Reached skill level 5 in Dodging
    19 | D        | Reached skill level 8 in Stealth
    19 | D        | Reached skill level 5 in Hexes
    19 | D        | Reached XP level 4. HP: 21/21 MP: 6/11
    21 | D        | Reached skill level 9 in Stealth
    29 | D        | Found Gygufet's Distillery.
    30 | D        | Found Tacseor's Jewellery Emporium.
    30 | D        | Found Ozxoidd's Distillery.
    31 | D        | Found Bonorid's Antique Armour Emporium.
    31 | D        | Found Xemyph's Antique Weapon Shoppe.
    31 | D        | Found Ettih's Distillery.
    31 | D        | Found Luko's Book Emporium.
    32 | D        | Found Yrupros's Distillery.
    32 | D        | Found Ysholays's Magic Scroll Shoppe.
    32 | D        | Found Pacokub's Gadget Emporium.
    32 | D        | Found Xetuol's Antique Armour Shoppe.
    33 | D        | Found Ferem's Weapon Shoppe.
    35 | D        | Found Eziudekhey's Jewellery Shoppe.
    35 | D        | Found Punekh's Antique Weapon Emporium.
    35 | D        | Noticed a crocodile
    35 | D        | Noticed a soldier ant
    35 | D        | Noticed a soldier ant
    35 | D        | Noticed a soldier ant
    35 | D        | Noticed an oklob plant
    35 | D        | Killed Menkaure
    36 | D        | Found Wudeuheub's Food Shoppe.
    36 | D        | Found Torixas's Book Shoppe.
    41 | D        | Noticed a hippogriff
    41 | D        | Noticed a hippogriff
    42 | D        | Noticed a hippogriff
    42 | D        | Noticed a flying skull
    55 | D        | Noticed a crocodile
    60 | D        | Killed a crocodile
    60 | D        | Reached skill level 10 in Stealth
    60 | D        | Reached skill level 5 in Spellcasting
    60 | D        | Reached XP level 5. HP: 9/24 MP: 7/14
   252 | D        | Killed a crocodile
   252 | D        | Reached skill level 5 in Short Blades
   252 | D        | Reached skill level 11 in Stealth
   278 | D        | Noticed a necrophage
   278 | D        | Noticed a necrophage
   278 | D        | Noticed a necrophage
   278 | D        | Noticed a necrophage
   294 | D        | Got out of the dungeon alive.

Skill      XL: |  1  2  3  4  5 |
---------------+----------------+-----
Short Blades   | 2 3 4 5 |  5.5
Dodging        | 4 5 6 7 |  7.6
Stealth        | 6 7 8 10 11 | 11.7
Spellcasting   | 3 4 5 6 |  6.4
Hexes          | 4 5 6 |  6.9

Action                   |  1- 3 |  4- 6 || total
-------------------------+-------+-------++-------
Melee: Dagger            |     3 |     4 ||     7
 Cast: Ensorcelled Hiber |       |     3 ||     3
       Dazzling Spray    |       |     3 ||     3
       Confuse           |       |     2 ||     2
 Stab: Sleeping          |     3 |     3 ||     6
Dodge: Dodged            |       |     6 ||     6
